Map: Lockdown LE

Players

Streak

  • Race: Protoss Protoss
  • League: Master

A.I. 1 (Very Hard) - Winner!

  • Race: Terran Terran

VOD

Have the link to the VOD?

Description

tes

Time

  • Played on: Sept. 10, 2026, 7:11 a.m.
  • Length: 3:54
Show
View Real Time Build Order
Export as new Build Order

Streak Protoss 

Build Orders:  

Get SALT Encoding   

  6  0:00  Probe (Chrono Boost)  
  9  0:12  Probe (Chrono Boost)  
  10  0:19  Probe (Chrono Boost)  
  11  0:26  Probe  
  12  0:32  Pylon  
  12  0:39  Probe  
  13  0:51  Probe  
  13  0:55  Gateway  
  14  1:03  Probe  
  15  1:08  Pylon  
  15  1:15  Probe  
  16  1:19  Assimilator  
  16  1:27  Probe  
  17  1:33  Gateway  
  18  1:45  Cybernetics Core  
  17  1:48  Probe  
  18  2:00  Probe  
  19  2:12  Probe  
  20  2:20  Stalker (Chrono Boost)  
  22  2:28  Probe  
  25  2:33  Adept (Chrono Boost)  
  25  2:38  Stalker (Chrono Boost)  
  25  2:40  Probe  
  25  2:41  Pylon  
  28  2:52  Probe  
  29  3:03  Nexus  
  29  3:11  Probe  
  29  3:12  Assimilator  
  30  3:38  Twilight Council  
  30  3:39  Probe  
  30  3:40  Gateway  
  31  3:49  Pylon  
Show
View Real Time Build Order
Export as new Build Order

A.I. 1 (Very Hard) Terran - Winner!

Build Orders:  

Get SALT Encoding   

  6  0:00  SCV  
  9  0:13  SCV  
  10  0:25  SCV  
  11  0:37  SCV  
  12  0:47  Supply Depot  
  12  0:49  SCV  
  13  1:08  SCV  
  14  1:13  Barracks  
  14  1:20  SCV  
  15  1:32  SCV  
  16  1:45  SCV  
  17  1:54  Supply Depot  
  17  1:57  SCV, Refinery  
  17  2:00  Marine  
  19  2:09  SCV  
  20  2:18  Marine, Barracks  
  20  2:21  SCV  
  22  2:27  Refinery  
  22  2:33  SCV  
  22  2:35  Marine  
  24  2:44  Supply Depot  
  24  2:45  SCV  
  25  2:53  Marine  
  25  2:57  SCV  
  26  3:04  Marine  
  26  3:09  SCV  
  26  3:11  Marine  
  25  3:21  SCV  
  25  3:22  Marine  
  26  3:29  Marine  
  26  3:33  SCV  
  27  3:37  Factory  
Tags
 
Add a new tag
Caveats
  • Supply blocks, unpowered buildings, or Contaminate may cause inaccurate times.
  • Supply counts are checked every 10 seconds.